 Dungeon Crawl Stone Soup version 0.18-a0-846-g91b95b1 (webtiles) character file.

17 Kolbur the Cutter (level 2, 0/19 HPs)
             Began as a Kobold Berserker on Dec 20, 2015.
             Was a Follower of Trog.
             Succumbed to an adder's poison
             ... on level 4 of the Dungeon.
             The game lasted 00:04:33 (261 turns).

Kolbur the Cutter (Kobold Berserker)                 Turns: 261, Time: 00:04:33

Health: 0/19       AC:  5    Str: 15    XL:     2   Next: 80%
Magic:  2/2        EV: 14    Int:  5    God:    Trog [*.....]
Gold:   32         SH:  0    Dex: 15    Spells: 0 memorised, 1 level left

rFire  . . .     SeeInvis .     a - +0 short sword
rCold  . . .     Gourm    .     f - +0 ring mail
rNeg   . . .     Faith    .     (shield restricted)
rPois  .         Spirit   .     (no helmet)
rElec  .         Dismiss  .     (no cloak)
rCorr  .         Reflect  .     (no gloves)
SustAt .         Harm     .     (no boots)
MR     .....                    (no amulet)
Stlth  ++........               (no ring)
                                (no ring)

@: lethally poisoned (0 -> -5), exhausted, not resistant to hostile
enchantments, unstealthy
A: carnivore 3
a: Berserk, Burn Spellbooks, Renounce Religion


You were on level 4 of the Dungeon.
You worshipped Trog.
Trog was aware of your devotion.
You were not hungry.

You visited 1 branch of the dungeon, and saw 4 of its levels.

You collected 32 gold pieces.

Inventory:

Hand Weapons
 a - a +0 short sword (weapon)
Missiles
 d - 30 stones (quivered)
Armour
 b - a +0 animal skin
 f - a +0 ring mail (worn)
Scrolls
 e - a scroll of enchant weapon {unknown}
 g - 2 scrolls of teleportation
 h - a scroll of recharging {unknown}
Comestibles
 c - 2 meat rations


   Skills:
 - Level 3.2 Fighting
 - Level 4.0 Short Blades
 - Level 1.5 Armour
 + Level 3.1 Dodging
 + Level 2.3 Stealth


You had one spell level left.
You didn't know any spells.

Dungeon Overview and Level Annotations

Branches:
Dungeon (4/15)
 Temple: D:4-7

Altars:


Innate Abilities, Weirdness & Mutations

You are small and have problems with some larger weapons.
You are carnivorous and can eat meat at any time.


Message History

You are not resistant to hostile enchantments.
You are unstealthy.
Unknown command.
Read which item? (? for menu, Esc to quit)
As you read the scroll labeled PEPSAD IFATICH, it crumbles to dust.
You feel strangely unstable.
It was a scroll of teleportation.
You feel yourself speed up.
* * * LOW HITPOINT WARNING * * *
You feel sick. The adder misses you. The adder bites you.
* * * LOW HITPOINT WARNING * * *
You are alive.
You are lethally poisoned (2 -> -4).
You are exhausted.
You are about to teleport.
Your movement speed is average.
Your attack speed is above average.
You are not resistant to hostile enchantments.
You are unstealthy.
* * * LOW HITPOINT WARNING * * *
You feel sick.
Your surroundings suddenly seem different. 2 orcs come into view.
You die...

#.# .. # # .#
#.# ####.##
.#... ......
......###..#
...........##
.........@o.#
.......##.#o#
.#..... ..# #
..........#
.......####
.......
....#.# .


You could see 2 orcs.

Vanquished Creatures
  The ghost of 4thArraOfDagon the Skirmisher, a weakling DsBe of Trog (D:4)
  A giant gecko (D:1)
  An orc (D:4)
  3 bats
  3 goblins
  A hobgoblin (D:3)
  2 giant newts
  A kobold (D:1)
13 creatures vanquished.

Notes
Turn   | Place    | Note
--------------------------------------------------------------
     0 | D:1      | Kolbur the Kobold Berserker began the quest for the Orb.
     0 | D:1      | Reached XP level 1. HP: 14/14 MP: 1/1
     9 | D:1      | Reached skill level 1 in Stealth
    95 | D:1      | Reached XP level 2. HP: 12/19 MP: 2/2
   214 | D:4      | Noticed 4thArraOfDagon's ghost (weakling DsBe)
   231 | D:4      | Killed 4thArraOfDagon's ghost
   261 | D:4      | Succumbed to an adder's poison

Vault maps used:
D:1:      mrwooster_arrival_statue_2, minmay_crystal_room
D:3:      nicolae_overflow_crystal_walls, grunt_decor_resistance,
          grunt_ministairs_10, ashenzari_altar_1

Action                   || total
-------------------------++-------
Melee: Short sword       ||    42
Invok: Berserk           ||     4
  Use: Scroll            ||     1
  Eat: Chunk             ||     6

Vault maps used:
D:1:      mrwooster_arrival_statue_2, minmay_crystal_room
D:3:      nicolae_overflow_crystal_walls, grunt_decor_resistance,
          grunt_ministairs_10, ashenzari_altar_1

Table legend:
 A = Turns spent in this place as a percentage of turns spent in the entire game.
 B = Non-inter-level travel turns spent in this place as a percentage of non-inter-level travel turns spent in the entire game.
 C = Inter-level travel turns spent in this place as a percentage of turns spent in this place.
 D = Turns resting spent in this place as a percentage of non-inter-level travel turns spent in this place.
 E = Turns spent auto-exploring this place as a percentage of non-inter-level travel turns spent in this place.
 F = Non-inter-level travel turns spent in this place divided by the number of levels of this place that you've seen.
                   A       B       C       D       E      F
               +-------+-------+-------+-------+-------+----------------------
         Total | 100.0 | 100.0 |   0.0 |   0.0 |   0.0 |  61.2
       Dungeon | 100.0 | 100.0 |   0.0 |   0.0 |   0.0 |  61.2
               +-------+-------+-------+-------+-------+----------------------
